Map: Jagannatha LE

Players

Reynor - Winner!

  • Race: Zerg Zerg
  • Spawn Location: 1:00

Astrea

  • Race: Protoss Protoss
  • Spawn Location: 7:00

Event: IEM Katowice 2021

VOD

Have the link to the VOD?

Description

Time

  • Played on: Feb. 24, 2021, 1:57 p.m.
  • Length: 15:43

All games in this series

Show
View Real Time Build Order
Export as new Build Order

Reynor Zerg - Winner!

Build Orders: Hatch First, Lurkers, Swarm Host 

Get SALT Encoding   

  12  0:00  Drone  
  13  0:12  Overlord  
  13  0:17  Drone  
  14  0:30  Drone x2  
  16  0:48  Hatchery  
  15  0:52  Drone  
  15  0:55  Drone  
  17  0:58  Drone  
  18  1:09  Extractor  
  17  1:15  Spawning Pool  
  17  1:17  Drone  
  17  1:20  Drone  
  18  1:27  Drone  
  19  1:39  Drone  
  20  1:49  Overlord  
  20  2:02  Zergling x2, Queen x2  
  20  2:03  Zergling x2  
  26  2:10  Drone  
  26  2:11  Drone  
  28  2:21  Drone  
  28  2:22  Drone  
  30  2:32  Hatchery  
  30  2:34  Drone  
  30  2:36  Drone  
  31  2:42  Pneumatized Carapace  
  31  2:44  Drone  
  31  2:50  Overlord  
  32  2:55  Queen  
  34  3:01  Metabolic Boost  
  34  3:04  Drone  
  34  3:05  Drone  
  36  3:12  Drone x3  
  39  3:15  Drone x2  
  39  3:18  Drone  
  43  3:20  Drone  
  43  3:25  Overlord  
  43  3:32  Drone  
  44  3:37  Overlord  
  44  3:43  Queen  
  44  3:44  Zergling x4  
  44  3:45  Zergling x2  
  49  3:49  Overlord  
  49  3:51  Drone  
  49  3:54  Spore Crawler  
  49  3:55  Queen  
  51  3:58  Drone x3  
  51  4:02  Overlord  
  54  4:03  Drone  
  54  4:06  Spore Crawler  
  54  4:07  Drone  
  55  4:11  Zergling x4  
  55  4:13  Drone x2  
  59  4:20  Overlord, Spore Crawler  
  59  4:21  Drone  
  59  4:23  Drone  
  61  4:24  Drone  
  61  4:25  Drone  
  61  4:27  Drone  
  61  4:29  Overlord  
  63  4:32  Drone  
  63  4:33  Drone  
  63  4:34  Drone  
  66  4:38  Drone  
  66  4:41  Queen  
  66  4:45  Drone x2  
  69  4:48  Lair  
  69  4:50  Drone  
  69  4:51  Drone x2  
  71  4:54  Evolution Chamber, Extractor  
  71  4:55  Drone  
  71  4:59  Drone  
  72  5:00  Drone  
  72  5:01  Drone  
  72  5:04  Overlord  
  72  5:05  Drone  
  73  5:09  Extractor, Drone  
  73  5:11  Overlord  
  73  5:19  Overlord  
  73  5:20  Zerg Missile Weapons Level 1  
  73  5:23  Extractor, Drone x2  
  73  5:24  Drone x4  
  73  5:25  Drone x2  
  73  5:27  Drone  
  81  5:31  Overlord  
  81  5:33  Drone x3, Roach Warren  
  81  5:34  Drone x2  
  81  5:35  Extractor  
  84  5:36  Extractor  
  84  5:39  Drone  
  83  5:44  Drone  
  83  5:47  Drone  
  83  5:48  Infestation Pit  
  84  5:57  Overlord  
  84  6:01  Hatchery  
  83  6:09  Drone x2  
  85  6:12  Spore Crawler  
  85  6:13  Glial Reconstitution  
  85  6:15  Overlord x2  
  84  6:22  Overlord  
  84  6:24  Drone x2  
  85  6:29  Swarm Host x8  
  109  6:35  Swarm Host  
  109  6:37  Overlord, Swarm Host  
  115  6:47  Roach x6  
  126  6:58  Roach  
  126  6:59  Roach x7  
  126  7:01  Roach  
  144  7:02  Overlord x2  
  144  7:09  Roach  
  144  7:10  Spine Crawler, Overlord  
  144  7:13  Overlord  
  145  7:16  Roach  
  145  7:17  Roach x2  
  145  7:19  Overlord  
  145  7:21  Roach  
  152  7:24  Roach x2  
  152  7:25  Roach  
  152  7:28  Overlord  
  162  7:30  Roach x2  
  162  7:32  Overlord  
  163  7:44  Ravager x6  
  163  7:45  Roach  
  163  7:47  Drone x6  
  163  7:48  Overlord  
  163  7:49  Extractor  
  163  7:50  Ravager  
  174  7:55  Roach x3  
  174  7:56  Spine Crawler  
  179  8:00  Roach x3  
  179  8:04  Roach x2  
  189  8:09  Overlord  
  189  8:18  Roach x5  
  199  8:23  Zerg Missile Weapons Level 2  
  199  8:32  Spine Crawler  
  199  8:33  Spine Crawler  
  195  8:36  Zergling x12, Roach  
  195  8:38  Ravager x3  
  200  8:47  Overlord  
  199  8:55  Extractor  
  198  8:58  Ravager  
  198  9:01  Overlord  
  199  9:09  Hive  
  199  9:11  Hydralisk Den  
  194  9:18  Ravager x4  
  194  9:19  Drone  
  199  9:30  Drone x3  
  198  9:37  Ravager x2  
  195  9:38  Drone x2  
  195  9:42  Spine Crawler  
  195  9:44  Lurker Den  
  182  9:56  Roach x11  
  198  10:06  Roach  
  198  10:07  Roach  
  195  10:19  Roach  
  195  10:20  Roach x3  
  194  10:23  Drone x7  
  199  10:28  Roach x5  
  189  10:44  Roach x5  
  189  10:48  Overlord  
  199  10:50  Seismic Spines  
  199  10:52  Zerg Missile Weapons Level 3  
  199  11:02  Drone x2  
  199  11:03  Drone x2  
  200  11:05  Hatchery  
  194  11:12  Hydralisk x3  
  192  11:24  Hydralisk x6  
  186  12:00  Lurker x2  
  184  12:04  Overseer, Lurker x3  
  184  12:05  Lurker  
  184  12:07  Roach x3  
  194  12:14  Overseer x2  
  187  12:17  Lurker x3  
  187  12:18  Roach  
  187  12:19  Roach x4  
  194  12:26  Roach x7  
  192  12:30  Queen  
  192  12:31  Ravager x4  
  191  12:39  Lurker Den  
  191  12:42  Hydralisk x5  
  200  12:44  Muscular Augments  
  200  13:12  Hydralisk  
  199  13:23  Extractor  
  199  13:24  Extractor  
  199  13:25  Drone x3, Spire  
  199  13:30  Drone  
  199  13:31  Zerg Ground Armor Level 1  
  200  13:37  Spine Crawler  
  200  13:38  Spore Crawler  
  200  13:40  Spine Crawler, Drone x3  
  200  13:41  Adaptive Talons  
  200  13:53  Hydralisk  
  200  13:56  Overlord  
  200  13:58  Hydralisk  
  200  13:59  Hydralisk x6  
  200  14:02  Hydralisk x7  
  170  14:03  Hydralisk x4, Roach  
  170  14:07  Hydralisk  
  193  14:12  Hydralisk x3  
  193  14:15  Overlord  
  199  14:22  Lurker  
  200  14:31  Lurker x2  
  200  14:34  Overlord  
  194  14:45  Lurker x3  
  193  14:47  Queen  
  191  14:57  Lurker x5  
  196  15:01  Hatchery  
  195  15:08  Spine Crawler x3  
  195  15:09  Lurker x2  
  194  15:18  Hatchery  
  191  15:34  Hatchery  
Show
View Real Time Build Order
Export as new Build Order

Astrea Protoss 

Build Orders: 1 Gate Expand, Oracle Opening, Archon Immortal 

Get SALT Encoding   

  12  0:00  Probe  
  13  0:12  Probe  
  14  0:18  Pylon  
  14  0:24  Probe (Chrono Boost)  
  15  0:37  Probe (Chrono Boost)  
  15  0:39  Gateway  
  16  0:45  Probe (Chrono Boost)  
  16  0:47  Assimilator  
  17  0:51  Probe  
  18  1:03  Probe  
  19  1:15  Probe  
  20  1:25  Nexus  
  20  1:35  Cybernetics Core  
  20  1:37  Probe  
  21  1:44  Assimilator  
  21  1:50  Probe  
  22  1:54  Pylon  
  22  2:02  Probe (Chrono Boost)  
  23  2:09  Adept (Chrono Boost)  
  23  2:14  Probe (Chrono Boost)  
  26  2:17  Stargate  
  26  2:19  Probe (Chrono Boost)  
  27  2:27  Warp Gate  
  27  2:29  Probe (Chrono Boost)  
  28  2:34  Adept  
  30  2:37  Probe (Chrono Boost)  
  32  2:47  Probe (Chrono Boost)  
  32  2:49  Probe (Chrono Boost)  
  33  2:53  Probe (Chrono Boost)  
  33  2:54  Void Ray (Chrono Boost), Probe (Chrono Boost)  
  35  3:04  Probe  
  40  3:06  Probe  
  40  3:11  Pylon  
  41  3:16  Probe  
  41  3:18  Probe  
  43  3:21  Gateway  
  43  3:28  Probe  
  43  3:30  Oracle (Chrono Boost), Probe  
  48  3:40  Probe  
  49  3:42  Probe  
  50  3:50  Nexus  
  50  3:52  Probe  
  50  3:54  Pylon  
  51  3:58  Probe  
  52  4:04  Probe  
  53  4:10  Probe  
  53  4:12  Oracle  
  53  4:17  Probe  
  58  4:18  Assimilator  
  58  4:20  Assimilator  
  58  4:22  Probe  
  59  4:30  Twilight Council, Forge, Probe  
  60  4:32  Adept  
  60  4:37  Pylon  
  62  4:50  Pylon  
  62  4:53  Probe x2 (Chrono Boost)  
  62  4:54  Adept  
  62  4:56  Adept  
  64  5:03  Robotics Facility  
  64  5:05  Probe (Chrono Boost)  
  64  5:06  Probe (Chrono Boost)  
  66  5:07  Probe (Chrono Boost)  
  66  5:11  Protoss Ground Weapons Level 1 (Chrono Boost)  
  66  5:12  Charge  
  69  5:14  Probe (Chrono Boost)  
  69  5:15  Probe x2 (Chrono Boost)  
  69  5:19  Gateway  
  69  5:20  Probe x3 (Chrono Boost), Gateway  
  72  5:31  Templar Archives, Probe  
  72  5:32  Probe x2  
  75  5:46  Gateway  
  75  5:47  Gateway x2  
  75  5:48  Gateway  
  75  5:50  Probe  
  75  5:52  Assimilator  
  75  5:54  Assimilator  
  76  6:00  Probe  
  76  6:02  Observer (Chrono Boost)  
  78  6:05  Probe x2  
  78  6:09  Photon Cannon, High Templar  
  78  6:10  Gateway x2, High Templar  
  84  6:12  Probe  
  84  6:14  Archon  
  84  6:16  Warp Prism (Chrono Boost)  
  84  6:17  Probe  
  89  6:21  Pylon  
  89  6:23  Pylon  
  89  6:24  Probe  
  90  6:27  High Templar  
  90  6:29  High Templar  
  93  6:35  Archon  
  93  6:39  Pylon  
  93  6:40  Pylon  
  93  6:41  Sentry  
  93  6:42  Zealot x3, Sentry  
  93  6:46  Zealot  
  105  6:54  Psionic Storm  
  105  7:00  Nexus  
  105  7:01  Pylon  
  105  7:05  Zealot x5, High Templar x2  
  119  7:10  Archon  
  119  7:18  Protoss Ground Weapons Level 2 (Chrono Boost)  
  119  7:25  Probe x3  
  122  7:38  Probe  
  122  7:39  Probe x2  
  122  7:40  Immortal (Chrono Boost)  
  122  7:42  Shield Battery  
  122  7:43  Shield Battery  
  129  7:44  High Templar x2  
  129  7:51  Probe x2  
  129  7:53  Zealot x2  
  129  7:55  Pylon  
  129  7:56  Pylon  
  133  8:10  Immortal (Chrono Boost)  
  137  8:13  Probe x4  
  137  8:17  High Templar x3  
  147  8:21  Assimilator  
  147  8:23  Zealot x7  
  147  8:24  Assimilator  
  161  8:28  Pylon  
  159  8:39  Immortal (Chrono Boost)  
  161  8:53  High Templar x3  
  161  8:54  Zealot x3  
  171  9:09  Pylon x3  
  171  9:14  Immortal (Chrono Boost)  
  161  9:36  Zealot  
  161  9:37  Zealot x4  
  164  9:41  Pylon x2, Blink  
  164  9:43  Pylon  
  164  9:44  Pylon  
  162  9:56  Immortal (Chrono Boost)  
  162  9:59  Pylon  
  156  10:00  Zealot x4  
  156  10:01  Zealot x2  
  156  10:02  Zealot x4, Pylon  
  168  10:24  High Templar x5  
  168  10:26  Immortal (Chrono Boost)  
  149  10:48  Stalker x5  
  163  11:03  Warp Prism (Chrono Boost)  
  161  11:09  Zealot x4  
  161  11:10  Zealot  
  167  11:14  Stalker x5  
  169  11:26  Immortal (Chrono Boost)  
  165  11:42  Stalker x9  
  176  11:57  Nexus  
  176  12:08  Zealot x9  
  162  12:24  Immortal (Chrono Boost)  
  154  12:46  Pylon  
  154  12:49  Zealot x6  
  154  12:50  Zealot x3  
  172  12:55  Observer (Chrono Boost)  
  171  13:14  Immortal (Chrono Boost)  
  157  13:21  High Templar x2  
  157  13:22  Probe x3  
  164  13:27  Assimilator  
  164  13:32  Assimilator  
  164  13:39  High Templar x5  
  164  13:40  Zealot, High Templar  
  178  13:44  Archon x3  
  109  14:04  Void Ray  
  109  14:05  High Templar x3  
  109  14:06  Probe x2  
  116  14:18  Probe x2  
  116  14:23  Zealot x5  
  128  14:30  Probe  
  128  14:31  Probe  
  120  14:43  Probe x2  
  114  14:53  High Templar  
  114  14:54  High Templar  
  114  14:55  Probe x2  
  120  15:05  Observer (Chrono Boost)  
  122  15:07  Probe  
  123  15:19  Probe  
  123  15:25  Zealot x4  

Tags
 
Add a new tag
Caveats
  • Supply blocks, unpowered buildings, or Contaminate may cause inaccurate times.
  • Supply counts are checked every 10 seconds.